 Dungeon Crawl Stone Soup version 0.27.1-2-g3b301248ec (webtiles) character file.

Game seed: 6831677799169739583

2751 epyon the Covered (level 9, -5/58 HPs)
             Began as a Gargoyle Fighter on Sept 24, 2021.
             Was an Initiate of Okawaru.
             Killed from afar by Maggie (19 damage)
             ... with a bolt of fire
             ... on level 6 of the Dungeon.
             The game lasted 00:29:42 (5162 turns).

epyon the Covered (Gargoyle Fighter)                Turns: 5162, Time: 00:29:43

Health: -5/58      AC: 21    Str: 23    XL:     9   Next: 68%
Magic:  9/9        EV:  7    Int:  9    God:    Okawaru [......]
Gold:   241        SH: 11    Dex:  9    Spells: 8/8 levels left

rFire    . . .     SeeInvis .   a - +0 flail
rCold    . . .     Faith    .   c - +0 kite shield
rNeg     + . .     Spirit   .   o - +0 chain mail
rPois    ∞         Reflect  .   g - +0 helmet
rElec    +         Harm     .   (no cloak)
rCorr    .         Rampage  .   s - +0 pair of gloves
Will     .....                  i - +0 pair of boots
Stlth    ..........             j - amulet of regeneration
HPRegen  1.19/turn              (no ring)
MPRegen  0.11/turn              (no ring)

@: no status effects
A: sickness immunity, AC +6, negative energy resistance 1, electricity
resistance, torment resistance 1, petrification resistance
a: Renounce Religion


You were on level 6 of the Dungeon.
You worshipped Okawaru.
Okawaru was noncommittal.
You visited 2 branches of the dungeon, and saw 10 of its levels.

You collected 306 gold pieces.
You spent 65 gold pieces at shops.

Inventory:

Hand Weapons
 a - a +0 flail (weapon)
Armour
 c - a +0 kite shield (worn)
 g - a +0 helmet (worn)
 i - a +0 pair of boots (worn)
 o - a +0 chain mail (worn)
 s - a +0 pair of gloves (worn)
Jewellery
 j - an amulet of regeneration (around neck)
Wands
 r - a wand of flame (12)
 w - a wand of charming (7)
Scrolls
 b - a scroll of summoning {unknown}
 h - 3 scrolls of teleportation
 k - a scroll of vulnerability {unknown}
 q - 2 scrolls of immolation {unknown}
 t - a scroll of magic mapping {unknown}
 v - 3 scrolls of blinking
 y - a scroll of enchant weapon {unknown}
 z - a scroll of fog {unknown}
Potions
 d - a potion of might
 e - 3 potions of mutation
 f - a potion of brilliance {unknown}
 l - a potion of magic {unknown}
 m - 3 potions of curing {unknown}
 n - a potion of cancellation {unknown}
 p - 2 potions of lignification
 u - a potion of flight {unknown}
 x - a potion of heal wounds {unknown}


   Skills:
 + Level 7.7 Fighting
 + Level 6.8 Maces & Flails
 + Level 7.9 Armour
 - Level 0.3 Dodging
 - Level 0.3 Stealth
 + Level 7.8 Shields


You had 8 spell levels left.
You didn't know any spells.
Your spell library contained the following spells:

 Spells                   Type           Power      Damage    Failure   Level
 Summon Small Mammal      Summ           0%         N/A       100%        1
 Corpse Rot               Necr/Air       N/A        N/A       100%        2
 Ensorcelled Hibernation  Hex/Ice        0%         N/A       100%        2
 Poisonous Vapours        Pois/Air       0%         N/A       100%        2
 Call Canine Familiar     Summ           0%         N/A       100%        3
 Dazzling Flash           Conj/Hex       0%         N/A       100%        3
 Summon Guardian Golem    Hex/Summ       0%         N/A       100%        3
 Agony                    Necr           0%         N/A       100%        5
 Freezing Cloud           Conj/Ice/Air   0%         6-21      100%        5
 Silence                  Hex/Air        0%         N/A       100%        5


Dungeon Overview and Level Annotations

Branches:
Dungeon (9/15)             Temple (1/1) D:7             Orc (0/2) D:9
   Lair: D:8-11

Altars:
Elyvilon
Fedhas
Gozag
Nemelex Xobeh
Okawaru
Qazlal
Ru
Sif Muna
Uskayaw
Vehumet
Wu Jian
The Shining One

Shops:
D:4 ?   D:6 (

Annotations:
D:6 Maggie, Prince Ribbit


Innate Abilities, Weirdness & Mutations

You are immune to sickness and miasma.
Your stone body is resilient. (AC +6)
You are immune to poison.
You resist negative energy. (rN+)
You are resistant to electric shocks. (rElec)
You are resistant to unholy torment.
You are immune to petrification.


Message History

You barely miss Maggie.
Maggie is severely wounded.
Maggie hits you but does no damage. Maggie hits you with a +0 scimitar.
You hit Maggie but do no damage.
Maggie is severely wounded.
Maggie hits you with a +0 scimitar.
You closely miss Maggie.
Maggie is severely wounded.
Maggie hits you but does no damage.
You sock Maggie!
Maggie is almost dead.
Maggie barely misses you.
Your shield and chain mail prevent you from hitting Maggie.
Maggie is almost dead.
Maggie hits you with a +0 scimitar.
You hit Maggie.
Maggie is almost dead.
You break out of your daze.
Maggie closely misses you.
Maggie drinks a potion.
Maggie flickers and vanishes!
Deactivating autopickup; reactivate with Ctrl-A.
You sock something!
You hear some strange, mumbled words.
A bolt of fire appears from out of thin air!
The bolt of fire hits you!!
Your chain mail prevents you from hitting something.
Something hits you but does no damage.
You hit something but do no damage. Something hits you.
You barely miss something. Something hits you.
You closely miss something. You block something's attack.
You hear some strange, mumbled words.
A bolt of fire appears from out of thin air!
The bolt of fire hits you!
* * * LOW HITPOINT WARNING * * *
You open the door. Something hits you but does no damage.
There is an open door here.
You hear some strange, mumbled words.
A bolt of fire appears from out of thin air!
The bolt of fire hits you!!
You die...

#.....>#.##. #.#
#......#..#.##.#
#......#..#.##.#
#...............
##.....#.#.#.##..
#####..........#.##..
#...'................
##'###..........#.####
#..{.@................
#.........#...#.#.....
#.............#.######
##+####'#######.##..
#..........#.#
##########.#.#
..........#
###.......# .
#.......# .


There were no monsters in sight!

Vanquished Creatures
  Pikel (D:6)
  A wraith (D:9)
  A wyvern (D:9)
  Menkaure (D:5)
  2 water moccasins
  A black bear (D:4)
  4 ogres
  2 necrophages
  2 centaurs
  2 phantoms (D:5)
  Blork the orc (D:5)
  A bullfrog (D:7)
  A water moccasin skeleton (D:4)
  A howler monkey (D:5)
  A bullfrog zombie (D:6)
  A centaur zombie (D:9)
  2 hounds (D:4)
  2 centaur skeletons
  2 orc priests (D:6)
  An iguana (D:4)
  Jessica (D:3)
  3 orc wizards
  Ijyb (D:5)
  A hound zombie (D:3)
  A hound skeleton (D:4)
  4 adders
  A white imp (D:5)
  A worm (D:2)
  2 dart slugs (D:4)
  13 orcs
  5 bats
  5 endoplasms
  5 giant cockroaches
  7 goblins
  5 hobgoblins
  10 jackals
  2 quokkas
  7 ball pythons
  6 frilled lizards
  7 kobolds
  10 rats
127 creatures vanquished.

Vanquished Creatures (others)
  An orc wizard (D:2)
1 creature vanquished.

Grand Total: 128 creatures vanquished

Notes
Turn   | Place    | Note
-------+----------+-------------------------------------------
     0 | D:1      | epyon the Gargoyle Fighter began the quest for the Orb.
     0 | D:1      | Reached XP level 1. HP: 14/14 MP: 1/1
   425 | D:1      | Reached XP level 2. HP: 19/19 MP: 2/2
   932 | D:1      | Found a faded altar of an unknown god.
  1359 | D:2      | Reached XP level 3. HP: 23/23 MP: 3/3
  1618 | D:2      | Reached XP level 4. HP: 25/28 MP: 4/4
  2128 | D:3      | Reached XP level 5. HP: 33/33 MP: 5/5
  2255 | D:3      | Noticed Jessica
  2271 | D:3      | Killed Jessica
  2277 | D:3      | Got Jessica's Almanac of Enchantment
  2476 | D:3      | Noticed an ogre
  2494 | D:3      | Killed an ogre
  2495 | D:3      | Reached XP level 6. HP: 36/39 MP: 6/6
  2946 | D:4      | Reached skill level 5 in Armour
  2950 | D:4      | Found Asuy's Magic Scroll Shop.
  2958 | D:4      | Bought a scroll of identify for 26 gold pieces
  2958 | D:4      | Bought a scroll of identify for 26 gold pieces
  2958 | D:4      | Bought a scroll of noise for 13 gold pieces
  2980 | D:4      | Reached XP level 7. HP: 44/44 MP: 7/7
  3013 | D:4      | Reached skill level 5 in Shields
  3053 | D:4      | Reached skill level 5 in Fighting
  3242 | D:5      | Entered Level 5 of the Dungeon
  3278 | D:5      | Found an opulent altar of Gozag.
  3305 | D:5      | Noticed Ijyb
  3343 | D:5      | Noticed Blork the orc
  3345 | D:5      | Reached XP level 8. HP: 50/50 MP: 8/8
  3350 | D:5      | Killed Ijyb
  3411 | D:5      | Killed Blork the orc
  3412 | D:5      | Reached skill level 5 in Maces & Flails
  3756 | D:5      | Noticed Menkaure
  3858 | D:5      | Killed Menkaure
  4147 | D:6      | Found a glowing golden altar of the Shining One.
  4231 | D:6      | Found Kest's Weapon Boutique.
  4342 | D:6      | Found a stormy altar of Qazlal.
  4423 | D:6      | Noticed Prince Ribbit
  4568 | D:6      | Noticed Pikel
  4580 | D:6      | Killed Pikel
  4581 | D:6      | Reached XP level 9. HP: 54/57 MP: 9/9
  4619 | D:6      | You fall into a shaft and drop 3 floors!
  4714 | D:9      | Found a staircase to the Orcish Mines.
  4714 | D:9      | Noticed a troll
  4847 | D:7      | Found a staircase to the Ecumenical Temple.
  4867 | Temple   | Entered the Ecumenical Temple
  4921 | Temple   | Became a worshipper of Warmaster Okawaru
  5107 | D:6      | Noticed Maggie
  5162 | D:6      | Killed from afar by Maggie

Illustrated notes

Levels and vault maps discovered:
D:1:      lightli_arrival_lavapool, layout_basic,
          shapermc_ecumenical_altar_mp_highgroup
D:2:      layout_loops_ring
D:3:      layout_loops_ring, kennysheep_jessica_study
D:4:      cheibrodos_old_hovel, layout_basic, serial_shops, shop
D:5:      layout_rooms, nicolae_gozag_seed_capital, minmay_misc_feat_ornament,
          grunt_ministairs_3, uniq_menkaure, uniq_blork_the_orc, uniq_ijyb
D:6:      layout_basic, mainiacjoe_overflow_catwalk_spiral, serial_shops,
          shop_statue, uniq_prince_ribbit1, uniq_maggie, uniq_pikel,
          uniq_grinder
D:7:      layout_cave_pools, minmay_temple_entry_tees
D:8:      layout_loops_corners, grunt_temple_overflow_octagram
D:9:      layout_small_grid, mainiacjoe_overflow_concentric_impassable,
          lemuel_zombie_altar_yredelemnul, marbit_many_paths,
          kennysheep_orc_monster_closet_entryway, guppyfry_early_elven_hall
Temple:   kb_temple_of_zot

Skill      XL: |  1  2  3  4  5  6  7  8 |
---------------+-------------------------+-----
Armour         | 4 5 7 |  7.9
Maces & Flails | 3 4 6 |  6.8
Shields        | 4 5 7 |  7.8
Fighting       | 4 5 7 |  7.7
Dodging        | |  0.3
Stealth        | |  0.3

Action                   |  1- 3 |  4- 6 |  7- 9 || total
-------------------------+-------+-------+-------++-------
Melee: Flail             |   126 |   184 |   389 ||   699
  Use: Scroll            |       |     3 |     3 ||     6
Armor: Scale mail        |    85 |    81 |       ||   166
       Chain mail        |       |    51 |   280 ||   331
Dodge: Dodged            |    30 |    57 |   103 ||   190
Block: Kite shield       |    64 |    94 |   287 ||   445
